 Dungeon Crawl Stone Soup version 0.21.0-3-g78d12a8 (webtiles) character file.

16 tidbits the Sneak (level 2, 0/11 HPs)
             Began as a Felid Air Elementalist on Jan 8, 2018.
             Slain by a giant cockroach (1 damage)
             ... on level 1 of the Dungeon.
             The game lasted 00:02:06 (309 turns).

tidbits the Sneak (Felid Air Elementalist)           Turns: 309, Time: 00:02:06

Health: 0/11       AC:  1    Str:  4    XL:     2   Next: 41%
Magic:  3/6        EV: 18    Int: 16    God:
Gold:   28         SH:  0    Dex: 16    Spells: 4/5 levels left
                                        Lives:  0   Deaths: 0

rFire    . . .     SeeInvis +     - Unarmed
rCold    . . .     Gourm    .   (shield unavailable)
rNeg     . . .     Faith    .   (armour unavailable)
rPois    .         Spirit   .   (helmet unavailable)
rElec    .         Reflect  .   (cloak unavailable)
rCorr    .         Harm     .   (gloves unavailable)
MR       .....                  (boots unavailable)
Stlth    +++.......             (no amulet)
HPRegen  0.03/turn              (no ring)
MPRegen  0.10/turn              (no ring)

@: quick
A: very small, no armour, no weapons or thrown items, stealth, claws 1, fangs 3,
see invisible, carnivore, speed 1, shaggy fur 1, slow metabolism 1, sharp paws
a: no special abilities


You were on level 1 of the Dungeon.
You were not hungry.

You visited 1 branch of the dungeon, and saw 2 of its levels.

You collected 28 gold pieces.

Inventory:

Scrolls
 c - a scroll of enchant weapon {unknown}
Potions
 d - a potion of ambrosia {unknown}
Books
 a - a book of Air

   Spells                             Type                      Level
   a - Shock                          Conjuration/Air              1
   b - Swiftness                      Charms/Air                   2
   c - Static Discharge               Conjuration/Air              3
   d - Airstrike                      Air                          4
   e - Lightning Bolt                 Conjuration/Air              5
Comestibles
 b - 3 rations


   Skills:
 - Level 2.6 Dodging
 + Level 3.6 Stealth
 + Level 1.3 Unarmed Combat
 - Level 2.0 Spellcasting
 - Level 0.8 Conjurations
 - Level 2.6 Air Magic


You had 4 spell levels left.
You knew the following spells:

 Your Spells              Type           Power        Failure   Level  Hunger
a - Shock                 Conj/Air       #...         10%         1    #......


Dungeon Overview and Level Annotations

Branches:
Dungeon (2/15)

Altars:


Innate Abilities, Weirdness & Mutations

You cannot wear armour.
You are incapable of wielding weapons or throwing items.
Your paws allow you to move quietly. (Stealth)
You have sharp claws.
You have razor-sharp teeth.
You have supernaturally acute eyesight. (SInv)
You are carnivorous and can eat meat at any time.
You cover ground quickly.
You are covered in fur. (AC +1)
You have a slow metabolism.
Your sharp claws are effective at attacking unaware monsters.


Message History

You open the door.
There is an open door here.
The jackal misses you.
You barely miss the jackal. The jackal closely misses you.
Casting: Shock
Confirm with . or Enter, or press ? or * to list all spells.
Aiming: Shock
Press: ? - help, Shift-Dir - straight line The zap hits the jackal.
The jackal is severely wounded.
The zap hits the goblin.
You kill the goblin!
The jackal closely misses you. The jackal barely misses you.
Casting: Shock
Confirm with . or Enter, or press ? or * to list all spells.
Aiming: Shock
Press: ? - help, Shift-Dir - straight line The zap hits the jackal.
The jackal is almost dead.
The zap hits the jackal.
The jackal appears unharmed.
The jackal is almost dead.
The jackal barely misses you.
You scratch the jackal.
You kill the jackal!
You closely miss the kobold. The kobold completely misses you.
Casting: Shock
Confirm with . or Enter, or press ? or * to list all spells.
Aiming: Shock
Press: ? - help, Shift-Dir - straight line The zap misses the kobold.
The zap hits the kobold.
The kobold appears unharmed.
The kobold closely misses you.
Casting: Shock
Confirm with . or Enter, or press ? or * to list all spells.
Aiming: Shock
Press: ? - help, Shift-Dir - straight line The zap hits the kobold.
You kill the kobold!
Things that are here:
a dagger; a kobold corpse; a jackal corpse
Things that are here:
a club; a goblin corpse
Things that are here:
a dagger; a kobold corpse; a jackal corpse
Casting: Shock
Confirm with . or Enter, or press ? or * to list all spells.
Aiming: Shock
Press: ? - help, Shift-Dir - straight line The zap misses the jackal.
The zap hits the jackal.
The jackal is severely wounded.
Casting: Shock
Confirm with . or Enter, or press ? or * to list all spells.
Aiming: Shock
Press: ? - help, Shift-Dir - straight line The zap misses the jackal. x2; The jackal closely misses you.
You closely miss the jackal.
The jackal is severely wounded.
The jackal misses you. The jackal bites you.
You barely miss the jackal.
The jackal is severely wounded.
The jackal bites you.
You scratch the jackal.
You kill the jackal!
Things that are here:
a dagger; a kobold corpse; a jackal corpse The jackal barks!
You open the door.
A giant cockroach comes into view.
The giant cockroach moves out of view.
Found 4 gold pieces.
A dart slug comes into view.
There is an open door here.
You pounce on the unaware helpless dart slug!
You claw the dart slug!
The dart slug is almost dead.
The giant cockroach bites you. The jackal barely misses you.
The dart slug misses you.
You scratch the dart slug.
You kill the dart slug!
The giant cockroach closely misses you. The jackal misses you.
The giant cockroach bites you.
* * * LOW HITPOINT WARNING * * *
The giant cockroach bites you but does no damage.
The jackal bites you.
* * * LOW HITPOINT WARNING * * *
You see here 4 gold pieces.
A frilled lizard and a goblin come into view.
The jackal stops to sniff the ground.
The jackal bites you.
* * * LOW HITPOINT WARNING * * *
Found a scroll labeled GER XEFUENAF UTUA.
Casting: Shock
Confirm with . or Enter, or press ? or * to list all spells.
Aiming: Shock
Press: ? - help, Shift-Dir - straight line The zap misses the giant cockroach.
The zap hits the jackal.
The jackal is lightly wounded.
The zap hits the jackal.
The jackal appears unharmed.
The jackal is lightly wounded.
The giant cockroach bites you.
You die...

.....g.##+####..
.....+.....#..
...#.....#..
#####.#.....#.#
#######.........$.#..
..................'..
######.#.##......#..
#?######.#+#########..
#....@sh.# #.#
##########+# #.#
#.......... #..
#.#.######### # ###
#.##.# ......#. #..
#.#.#.###'###.#.# #.#
#.#.#.#.....#.#.# #..
#####.#.#.#.....#.#.#.###
#.'.'.#.#.'..<..'.#.#.+ +


You could see a jackal and a giant cockroach.

Vanquished Creatures
  A dart slug (D:1)
  A leopard gecko (D:1)
  2 goblins (D:1)
  A hobgoblin (D:1)
  2 jackals (D:1)
  4 kobolds (D:1)
  A rat (D:1)
12 creatures vanquished.

Notes
Turn   | Place    | Note
-------+----------+-------------------------------------------
     0 | D:1      | tidbits the Felid Air Elementalist began the quest for the Orb.
     0 | D:1      | Reached XP level 1. HP: 7/7 MP: 4/4
    60 | D:1      | Reached skill level 3 in Stealth
   149 | D:1      | Reached skill level 1 in Unarmed Combat
   186 | D:1      | Reached XP level 2. HP: 11/11 MP: 1/6
   301 | D:1      | HP: 1/11 [jackal (2)]
   309 | D:1      | Slain by a giant cockroach

Skill      XL: |  1 |
---------------+----+-----
Stealth        | 3 |  3.6
Unarmed Combat | 1 |  1.3
Dodging        | |  2.6
Spellcasting   | |  2.0
Conjurations   | |  0.8
Air Magic      | |  2.6

Action                   || total
-------------------------++-------
Melee: Unarmed           ||    16
       Bite              ||     1
 Cast: Shock             ||    13
 Stab: Sleeping          ||     2
Armor: Skin              ||     1
Dodge: Dodged            ||    21

Table legend:
 A = Turns spent in this place as a percentage of turns spent in the entire game.
 B = Non-inter-level travel turns spent in this place as a percentage of non-inter-level travel turns spent in the entire game.
 C = Inter-level travel turns spent in this place as a percentage of turns spent in this place.
 D = Turns resting spent in this place as a percentage of non-inter-level travel turns spent in this place.
 E = Turns spent auto-exploring this place as a percentage of non-inter-level travel turns spent in this place.
 F = Non-inter-level travel turns spent in this place divided by the number of levels of this place that you've seen.
                   A       B       C       D       E      F
               +-------+-------+-------+-------+-------+----------------------
         Total | 100.0 | 100.0 |   0.0 |   0.0 |   0.0 | 154.5
       Dungeon | 100.0 | 100.0 |   0.0 |   0.0 |   0.0 | 154.5
               +-------+-------+-------+-------+-------+----------------------

Table legend:
 A = Kills in this place as a percentage of kills in entire the game.
 B = Kills by you in this place as a percentage of kills by you in the entire game.
 C = Kills by friends in this place as a percentage of kills by friends in the entire game.
 D = Other kills in this place as a percentage of other kills in the entire game.
 E = Experience gained in this place as a percentage of experience gained in the entire game.
 F = Experience gained in this place divided by the number of levels of this place that you have seen.
                   A       B       C       D       E      F
               +-------+-------+-------+-------+-------+----------------------
         Total | 100.0 | 100.0 |   N/A |   N/A | 100.0 |  12.0
       Dungeon | 100.0 | 100.0 |   N/A |   N/A | 100.0 |  12.0
               +-------+-------+-------+-------+-------+----------------------

Vault maps used:
D:1:      matt_arrival_los_fun, minmay_misc_feat_enclosed
D:2:      uniq_sigmund, uniq_natasha
